 Dungeon Crawl Stone Soup version 0.29-a0-559-g359e09b9d1 (webtiles) character file.

Game seed: 5995886148546378875

4718 kae the Arsonist (level 10, 0/58 HPs)
             Began as a Deep Elf Fire Elementalist on June 9, 2022.
             Was a Believer of Vehumet.
             Engulfed by a steam dragon's steam (9 damage)
             ... on level 8 of the Dungeon.
             The game lasted 00:07:01 (10659 turns).

kae the Arsonist (Deep Elf Fire Elementalist)      Turns: 10659, Time: 00:07:01

Health: 0/58       AC:  2    Str:  5    XL:     10   Next: 22%
Magic:  20/24      EV: 19    Int: 25    God:    Vehumet [**....]
Gold:   389        SH:  0    Dex: 15    Spells: 8/25 levels left

rFire   . . .      SeeInvis .   a - staff of conjuration
rCold   . . .      Faith    .   (no shield)
rNeg    . . .      Spirit   .   e - +0 robe
rPois   .          Reflect  .   (no helmet)
rElec   .          Harm     .   (no cloak)
rCorr   .          Rampage  .   (no gloves)
Will    +....                   (no boots)
Stlth   ++........              (no amulet)
HPRegen 0.19/turn               g - +4 ring of evasion
MPRegen 0.19/turn               (no ring)

@: no status effects
A: no striking features
a: Renounce Religion


You were on level 8 of the Dungeon.
You worshipped Vehumet.
Vehumet was pleased with you.
You visited 2 branches of the dungeon, and saw 9 of its levels.
You also visited: Bailey.

You collected 389 gold pieces.

Inventory:

Hand Weapons
 b - the +4 hand axe of Irrepressible Laughter {venom, rElec}
   (You found it on level 7 of the Dungeon)

   It poisons the flesh of those it strikes.
   rElec:     It insulates you from electricity.
Armour
 e - a +0 robe (worn)
 y - a +0 helmet
Magical Staves
 a - a staff of conjuration (weapon)
Jewellery
 g - a +4 ring of evasion (left hand)
Wands
 r - a wand of acid (9)
 s - a wand of digging (6)
 t - a wand of polymorph (9)
 u - a wand of iceblast (12)
Scrolls
 i - a scroll of silence
 q - 2 scrolls of vulnerability
 v - a scroll of enchant weapon
 z - 2 scrolls of identify
 B - a scroll of magic mapping
 C - a scroll of amnesia {unknown}
 D - a scroll of fear {unknown}
 E - a scroll of acquirement {unknown}
 F - a scroll of teleportation {unknown}
Potions
 c - 9 potions of flight
 d - a potion of magic
 f - 2 potions of brilliance
 h - 2 potions of heal wounds
 j - a potion of lignification
 k - a potion of curing
 l - 3 potions of attraction
 m - 2 potions of invisibility
 n - 4 potions of mutation {unknown}
 o - 3 potions of might {unknown}
 p - 5 potions of haste {unknown}
 x - a potion of ambrosia {unknown}
 A - a potion of degeneration {unknown}
Miscellaneous
 w - a phantom mirror


   Skills:
 + Level 4.5 Fighting
 + Level 6.9 Dodging
 - Level 2.4 Stealth
 + Level 8.1 Spellcasting
 * Level 9.1 Conjurations
 * Level 9.4 Fire Magic


You had 8 spell levels left.
You knew the following spells:

 Your Spells              Type           Power      Damage    Failure   Level
a - Foxfire               Conj/Fire      100%       2x1d9     1%          1
b - Scorch                Fire           100%       2d10      1%          2
c - Conjure Flame         Conj/Fire      71%        6-21      1%          3
d - Inner Flame           Hex/Fire       33%        N/A       2%          3
e - Flame Wave            Conj/Fire      71%        2d13      1%          4
f - Sticky Flame          Conj/Fire      71%        2d8       1%          4

Your spell library contained the following spells:

 Spells                   Type           Power      Damage    Failure   Level
 Stone Arrow              Conj/Erth      98%        3d13      2%          3
 Magic Dart               Conj           100%       1d8       1%          1
 Searing Ray              Conj           100%       2d8       1%          2
 Static Discharge         Conj/Air       49%        N/A       1%          2
 Summon Small Mammal      Summ           40%        N/A       6%          1
 Blink                    Tloc           20%        N/A       9%          2
 Fulminant Prism          Conj/Hex       24%        3d13      10%         4
 Call Canine Familiar     Summ           10%        N/A       19%         3
 Ozocubu's Armour         Ice            10%        N/A       19%         3
 Portal Projectile        Hex/Tloc       20%        N/A       19%         3
 Summon Guardian Golem    Hex/Summ       10%        N/A       19%         3
 Tukima's Dance           Hex            10%        N/A       19%         3
 Dispel Undead            Necr           10%        3d9       52%         4
 Leda's Liquefaction      Hex/Erth       5%         N/A       52%         4
 Blade Hands              Tmut           5%         N/A       86%         5
 Manifold Assault         Tloc           10%        N/A       86%         5
 Metabolic Englaciation   Hex/Ice        5%         N/A       86%         5
 Simulacrum               Ice/Necr       5%         N/A       100%        6
 Storm Form               Tmut/Air       5%         N/A       100%        7


Dungeon Overview and Level Annotations

Branches:
Dungeon (8/15)             Temple (1/1) D:4          Bailey (visited)
   Lair: D:8-11

Altars:
Ashenzari
Cheibriados
Dithmenos
Elyvilon
Fedhas
Gozag
Hepliaklqana
Kikubaaqudgha
Makhleb
Nemelex Xobeh
Qazlal
Ru
Trog
Uskayaw
Vehumet
Wu Jian
Xom
Zin
The Shining One

Shops:
D:4 (   D:6 =

Annotations:
D:3 2 runed translucent doors, anonymous's ghost, weakling DEEE
D:5 3 runed translucent doors, jazmu's ghost, novice FoFi


Message History

Your foxfire dissipates!
You are engulfed in a cloud of scalding steam.
The foxfire hits the steam dragon.
The steam dragon is lightly wounded.
The foxfire hits the steam dragon but does no damage.
The steam dragon is lightly wounded.
Casting: Foxfire (safe; 1% risk of failure)
Confirm with . or Enter, or press ? or * to list all spells.
You feel a surge of power!
You conjure some foxfire!
You are engulfed in a cloud of scalding steam.
* * * LOW HITPOINT WARNING * * *
You are engulfed in a cloud of scalding steam.
* * * LOW HITPOINT WARNING * * *
The foxfire hits the steam dragon!
The steam dragon is moderately wounded.
The foxfire hits the steam dragon but does no damage.
The steam dragon is moderately wounded.
Casting: Foxfire (safe; 1% risk of failure)
Confirm with . or Enter, or press ? or * to list all spells.
You feel a surge of power!
You conjure some foxfire!
You are engulfed in a cloud of scalding steam.
* * * LOW HITPOINT WARNING * * *
The foxfire hits the steam dragon but does no damage.
The steam dragon is moderately wounded.
The foxfire hits the steam dragon.
The steam dragon is moderately wounded.
The steam dragon completely misses you. The steam dragon claws you.
* * * LOW HITPOINT WARNING * * *
You feel much better. The steam dragon bites you!
The steam dragon completely misses you.
Casting: Foxfire (safe; 1% risk of failure)
Confirm with . or Enter, or press ? or * to list all spells.
Flames lash the steam dragon.
The steam dragon is severely wounded.
The steam dragon's fire resistance burns away.
The steam dragon breathes steam at you. The ball of steam hits you!
* * * LOW HITPOINT WARNING * * *
You are engulfed in a cloud of scalding steam.
You die...

......#.......#.#.#....
........######..........
...!....## #.#.#.#....
.........## #..........
.....≈....## #.#.#.#....
#..........###..........
#...............###.....
.......................#
......D@§§...........###
....$...§.§.........##
.................#.##
................##.#
..............####..
........####### #..#
.......## #..# #..####
##


You could see a steam dragon (catching breath, combustible).

Vanquished Creatures
  Pikel (D:6)
  Grinder (D:5)
  6 yaks (D:5)
  3 steam dragons
  An acid dragon (D:6)
  2 water moccasins (D:7)
  An ice beast (D:7)
  6 orc warriors
  A sky beast (D:8)
  2 ogres
  2 bullfrogs (D:7)
  4 scorpions
  2 necrophages (D:4)
  4 killer bees (D:8)
  4 howler monkeys
  3 hounds
  An orc priest (D:5)
  A gnoll shaman (D:5)
  6 iguanas
  7 orc wizards
  11 gnolls
  11 adders
  A white imp (D:8)
  2 ufetubi
  A worm (D:3)
  4 dart slugs
  17 orcs
  7 ball pythons
  6 bats
  4 endoplasms
  5 giant cockroaches
  5 goblins
  10 hobgoblins
  10 jackals
  2 quokkas
  10 frilled lizards
  13 kobolds
  2 rats (D:2)
179 creatures vanquished.

Vanquished Creatures (collateral kills)
  A foxfire (D:1)
1 creature vanquished.

Vanquished Creatures (others)
  A quokka (D:7)
  543 foxfires
  7 plants (D:5)
551 creatures vanquished.

Grand Total: 731 creatures vanquished

Notes
Turn   | Place    | Note
-------+----------+-------------------------------------------
     0 | D:1      | kae the Deep Elf Fire Elementalist began the quest for the
                  | Orb.
     0 | D:1      | Reached XP level 1. HP: 10/10 MP: 6/6
   307 | D:1      | Reached XP level 2. HP: 15/15 MP: 4/8
  1242 | D:2      | Reached XP level 3. HP: 20/20 MP: 6/9
  1553 | D:2      | Reached XP level 4. HP: 24/24 MP: 6/11
  1789 | D:2      | Learned a level 2 spell: Scorch
  1793 | D:2      | Learned a level 3 spell: Conjure Flame
  2244 | D:3      | Found a large runed translucent door.
  2245 | D:3      | Found a large runed translucent door.
  2262 | D:3      | Reached skill level 1 in Fighting
  2621 | D:3      | Reached XP level 5. HP: 26/29 MP: 2/12
  3045 | D:3      | Noticed anonymous's ghost (weakling DEEE)
  3250 | D:4      | Found a staircase to the Ecumenical Temple.
  3275 | Temple   | Entered the Ecumenical Temple
  3500 | Temple   | Became a worshipper of Vehumet
  3566 | D:4      | Learned a level 3 spell: Inner Flame
  3637 | D:4      | Noticed an ogre
  3645 | D:4      | Killed an ogre
  3646 | D:4      | Reached XP level 6. HP: 34/34 MP: 10/14
  3834 | D:4      | Reached skill level 5 in Fire Magic
  3934 | D:4      | Found Qyilam's Antique Weapon Shop.
  4061 | D:4      | Reached XP level 7. HP: 30/40 MP: 8/16
  4309 | D:4      | Found a glowing silver altar of Zin.
  4448 | D:5      | Entered Level 5 of the Dungeon
  4448 | D:5      | Found a runed translucent gate.
  4802 | D:5      | Noticed Grinder
  4848 | D:5      | Noticed a yak
  5029 | D:5      | Reached skill level 5 in Spellcasting
  5029 | D:5      | Reached skill level 5 in Conjurations
  5146 | D:5      | Found a runed translucent gate.
  5198 | D:5      | Found a runed translucent gate.
  5202 | D:5      | Noticed jazmu's ghost (novice FoFi)
  5358 | D:5      | Paralysed by Grinder for 3 turns
  5372 | D:5      | Killed Grinder
  5591 | D:5      | Noticed a yak
  5591 | D:5      | Noticed a yak
  5607 | D:5      | Noticed a yak
  5608 | D:5      | Killed a yak
  5609 | D:5      | Reached XP level 8. HP: 45/45 MP: 8/18
  5727 | D:5      | Reached * piety under Vehumet
  5727 | D:5      | Offered knowledge of Magic Dart by Vehumet.
  5728 | D:5      | Reached skill level 5 in Dodging
  6781 | D:5      | Reached XP level 9. HP: 51/51 MP: 17/20
  6786 | D:5      | Learned a level 4 spell: Flame Wave
  6791 | D:5      | Learned a level 4 spell: Sticky Flame
  7356 | D:6      | Found Forghaq's Jewellery Shop.
  7507 | D:6      | Noticed Pikel
  7520 | D:6      | Killed Pikel
  7887 | D:7      | Found a flagged portal.
  7891 | D:7      | Identified the +4 hand axe of Irrepressible Laughter
                  | {venom, rElec}
  7896 | Bailey   | Entered a bailey
  8400 | Bailey   | Offered knowledge of Shock by Vehumet.
  8703 | D:7      | Found a white marble altar of Elyvilon.
  8729 | D:7      | Reached ** piety under Vehumet
  8901 | D:7      | Reached XP level 10. HP: 45/57 MP: 18/23
  9400 | D:7      | Found a sacrificial altar of Ru.
  9918 | D:8      | Offered knowledge of Stone Arrow by Vehumet.
 10659 | D:8      | Engulfed by a steam dragon's steam

Illustrated notes

Levels and vault maps discovered:
D:1:      ncdulo_watergridlock, layout_basic, serial_bayou_ford_a,
          minmay_hexomino_u4
D:2:      layout_basic, eino_tiny_chamber, minmay_circle_x
D:3:      wander_river, layout_basic, ebering_ghost_disaster_area
D:4:      layout_cave_pools, lemuel_doored_altar, minmay_temple_entry_mist,
          serial_shops, nicolae_shop_overgrown_old_shop
D:5:      layout_loops_corners, ebering_ghost_rock_garden, minmay_lizard_king,
          uniq_grinder
D:6:      layout_basic, serial_shops, nicolae_shop_stone, uniq_pikel
D:7:      layout_loops_ring, nicolae_ru_great_annihilating_truth,
          elyvilon_altar_4, enter_bailey_2
D:8:      layout_cave_pods, marbit_many_paths, serial_glass, glass_columns_a,
          glass_columns_a, glass_columns_a, glass_columns_b, glass_columns_b,
          glass_columns_c, glass_columns_b, glass_columns_c, glass_columns_a,
          glass_columns_b, glass_columns_b, glass_columns_b, glass_columns_a,
          glass_columns_c, hangedman_abyss_or_decor_lesser_grid
Temple:   regret_index_temple_sphere_string

Skill      XL: |  1  2  3  4  5  6  7  8  9 10 |
---------------+-------------------------------+-----
Conjurations   | 2 3 4 5 7 8 9 |  9.1
Fire Magic     | 4 5 6 7 9 |  9.4
Fighting       | 1 2 3 4 |  4.5
Dodging        | 3 4 5 6 |  6.9
Spellcasting   | 4 5 6 7 8 |  8.1
Stealth        | |  2.4

Action                   |  1- 3 |  4- 6 |  7- 9 | 10-12 || total
-------------------------+-------+-------+-------+-------++-------
Melee: Staff             |       |       |     1 |     3 ||     4
 Cast: Foxfire           |    70 |    67 |   155 |    31 ||   323
       Scorch            |       |    22 |    56 |    13 ||    91
       Conjure Flame     |       |       |     8 |       ||     8
       Flame Wave        |       |       |     2 |     3 ||     5
  Use: Scroll            |       |     8 |     8 |       ||    16
       Potion            |       |       |       |     1 ||     1
Armor: Robe              |     1 |     5 |     5 |     1 ||    12
Dodge: Dodged            |     5 |    34 |    53 |    27 ||   119

Table legend: (Time is in decaauts)
 A = Elapsed time spent in this place.
 B = Non-inter-level travel time spent in this place.
 C = Inter-level travel time spent in this place.
 D = Time resting spent in this place.
 E = Time spent auto-exploring this place.
 F = Levels seen in this place.
 G = Mean time per level.
                   A        B        C        D        E       F      G
               +--------+--------+--------+--------+--------+-----+--------+
         Total |  10684 |  10360 |    324 |    627 |   8249 |  10 | 1068.4 |
       Dungeon |   9650 |   9397 |    253 |    394 |   7789 |   8 | 1206.2 |
        Temple |    247 |    177 |     70 |      0 |    163 |   1 |  247.0 |
        Bailey |    786 |    786 |      0 |    233 |    296 |   1 |  786.0 |
               +--------+--------+--------+--------+--------+-----+--------+

Top non-repeatable levels by time:
     D:5: 2469 daAuts
     D:4: 1222 daAuts
     D:1: 1137 daAuts
     D:2: 1035 daAuts
     D:8: 994 daAuts
     D:3: 982 daAuts
     D:6: 936 daAuts
     D:7: 872 daAuts
  Bailey: 786 daAuts
  Temple: 247 daAuts
